 Dungeon Crawl Stone Soup version 0.31-a0-618-g7ca08c1ff9 (webtiles) character file.

Game seed: 3606772263214629355

253 Glub the Chopper (level 5, -6/47 HPs)
             Began as a Minotaur Berserker on Aug 22, 2023.
             Was a Believer of Trog.
             Killed by an exploding dream sheep (18 damage)
             ... ignited by their inner flame
             ... on level 4 of the Dungeon.
             The game lasted 00:07:19 (2456 turns).

Glub the Chopper (Minotaur Berserker)               Turns: 2456, Time: 00:07:20

Health: -6/47      AC: 12    Str: 23    XL:     5   Next: 90%
Magic:  0/4        EV:  7    Int:  4    God:    Trog [**....]
Gold:   189        SH:  0    Dex: 10    Spells: 4/4 levels left

rFire   . . .        a - +0 hand axe
rCold   . . .        (no shield)
rNeg    . . .        s - +0 plate armour
rPois   .            (helmet restricted)
rElec   .            (no cloak)
rCorr   .            i - +0 pair of gloves
SInv    .            (no boots)
Will    +....        t - amulet of guardian spirit Stlth
                     r - ring of willpower
HPRegen 0.27/turn    (no ring)
MPRegen 0.09/turn

%: guardian spirit
@: no status effects
A: horns 2, retaliatory headbutt
a: Renounce Religion, Berserk, Trog's Hand


You were on level 4 of the Dungeon.
You worshipped Trog.
Trog was pleased with you.
You visited 1 branch of the dungeon, and saw 4 of its levels.

You collected 189 gold pieces.

Inventory:

Hand Weapons
 a - a +0 hand axe (weapon)
Missiles
 e - 5 boomerangs (quivered)
Armour
 i - a +0 pair of gloves (worn)
 s - a +0 plate armour (worn)
Jewellery
 r - a ring of willpower (left hand)
 t - an amulet of guardian spirit (around neck)
Wands
 c - a wand of charming (9)
 o - a wand of light (11)
Scrolls
 b - 2 scrolls of teleportation {unknown}
 d - a scroll of noise {unknown}
 f - a scroll of amnesia {unknown}
 g - 2 scrolls of summoning {unknown}
 h - a scroll of identify {unknown}
 k - a scroll of immolation {unknown}
 l - a scroll of blinking {unknown}
 n - 2 scrolls of enchant weapon {unknown}
Potions
 j - a potion of invisibility {unknown}
 m - 2 potions of lignification {unknown}
 p - a potion of haste {unknown}
 q - a potion of might {unknown}
 u - a potion of brilliance {unknown}


   Skills:
 + Level 4.5 Fighting
 - Level 6.3 Axes
 + Level 3.7 Armour
 - Level 3.3 Dodging


You had 4 spell levels left.
You didn't know any spells.
Your spell library was empty.

Dungeon Overview and Level Annotations

Branches:
Dungeon (4/15)
 Temple: D:4-7

Altars:
Xom

Annotations:
D:3 2 transporters, Duck's ghost, weakling MeSh


Innate Abilities, Weirdness & Mutations

You have a pair of horns on your head.
You reflexively headbutt those who attack you in melee.


Message History

No target in view!
No target in view!
b - 2 scrolls labelled KORUOM OSHRA (gained 1)
You now have 189 gold pieces (gained 4).
You open the door.
The walls suddenly crumble! 5 dream sheep come into view.
A dream sheep catches fire!
The dream sheep bleats in terror.
A dream sheep catches fire!
The dream sheep is struck with panic!
A dream sheep catches fire!
The dream sheep bleats in terror.
A dream sheep catches fire!
The dream sheep is struck with panic!
A dream sheep catches fire!
The dream sheep is struck with panic!
You hear mad divine giggling.
Found a shimmering altar of Xom.
The dream sheep burns! x5
You barely miss the dream sheep.
The dream sheep is moderately wounded.
The dream sheep bleats! x5
You hit the dream sheep.
Flame seeps out of the dream sheep.
Your attack snaps the dream sheep out of its fear.
You hit the dream sheep.
Flame seeps out of the dream sheep.
Your attack snaps the dream sheep out of its fear.
The dream sheep burns! x5
The dream sheep is engulfed in blazing flames.
The dream sheep explodes!
The fiery explosion engulfs the dream sheep!!! x2
The fiery explosion engulfs you!!!
Ouch! That really hurt!
* * * LOW HITPOINT WARNING * * *
The fiery explosion engulfs the dream sheep!!
The fiery explosion engulfs the dream sheep.
The attack snaps the dream sheep out of its fear.
The dream sheep bleats!
The dream sheep explodes!
The fiery explosion engulfs you!!
You die...

#<..(...####...### #####..
#.########.......# #...... #....#
#.......# #######...... ####.#
#.......####...........#
#.#####..........#...........#
#.....+..........'...........'
####..####.....§§§.##...........#
......#.......§§○§.##......######
......#.......§○@§.##......##~.~
..>...........§§Y..##......#~~.b#
...####............##......#..###
... #.............########.b#..
... ###...........#### #~l#.. #.#
######.........# #~~#.. #.
#.........## #~~### #..........#
#... # #........#.# #. #


You could see a dream sheep (inner flame, burning).

Vanquished Creatures
  A scorpion (D:4)
  Ijyb (D:3)
  An iguana (D:4)
  7 adders
  An ufetubus (D:3)
  2 worms (D:3)
  A dart slug (D:4)
  5 orcs
  3 bats
  7 endoplasms
  A giant cockroach (D:1)
  6 goblins
  5 hobgoblins
  3 quokkas
  3 ball pythons
  6 frilled lizards
  6 kobolds
  6 rats
65 creatures vanquished.

Vanquished Creatures (others)
  4 dream sheep (D:4)
4 creatures vanquished.

Grand Total: 69 creatures vanquished

Notes
Turn   | Place    | Note
-------+----------+-------------------------------------------
     0 | D:1      | Glub the Minotaur Berserker began the quest for the Orb.
     0 | D:1      | Reached XP level 1. HP: 19/19 MP: 0/0
    84 | D:1      | Reached XP level 2. HP: 27/27 MP: 1/1
   401 | D:1      | Reached skill level 4 in Axes
   739 | D:2      | Reached XP level 3. HP: 15/33 MP: 2/2
   916 | D:2      | Reached ** piety under Trog
  1287 | D:3      | Noticed Ijyb
  1301 | D:3      | Killed Ijyb
  1302 | D:3      | Reached skill level 5 in Axes
  1302 | D:3      | Reached XP level 4. HP: 37/40 MP: 3/3
  1794 | D:3      | Reached XP level 5. HP: 46/46 MP: 4/4
  1794 | D:3      | Found a transporter.
  1798 | D:3      | Noticed Duck's ghost (weakling MeSh)
  1799 | D:3      | Found a transporter.
  2092 | D:4      | Reached skill level 6 in Axes
  2454 | D:4      | Noticed a dream sheep
  2454 | D:4      | Noticed a dream sheep
  2454 | D:4      | Noticed a dream sheep
  2454 | D:4      | Noticed a dream sheep
  2454 | D:4      | Noticed a dream sheep
  2454 | D:4      | Found a shimmering altar of Xom.
  2456 | D:4      | Killed a dream sheep
  2456 | D:4      | Killed a dream sheep
  2456 | D:4      | Killed a dream sheep
  2456 | D:4      | Killed a dream sheep
  2456 | D:4      | Killed by an exploding dream sheep... ignited by their
                  | inner flame

Illustrated notes

Levels and vault maps discovered:
D:1:      lightli_arrival_lavapool, layout_basic
D:2:      layout_rooms, nrook_loot_triangle
D:3:      layout_basic, gammafunk_ghost_mausoleum, uniq_ijyb
D:4:      layout_basic, kb_xom_exploding_sheep, serial_aquarium,
          aquarium_bridge_straight [aquarium_subvault_bridge,
          aquarium_subvault_window, aquarium_subvault_bridge,
          aquarium_subvault_window], aquarium_window_corner,
          aquarium_window_fake, aquarium_view_2d, aquarium_view_2b,
          aquarium_balcony_3a, aquarium_pool_side, wad_rectangle_vault

Skill      XL: |  1  2  3  4  5 |
---------------+----------------+-----
Axes           | 4 5 6 |  6.3
Fighting       | 4 |  4.5
Armour         | 3 |  3.7
Dodging        | 3 |  3.3

Action                     |  1- 3 |  4- 6 || total
---------------------------+-------+-------++-------
  Melee: Hand axe          |    74 |    77 ||   151
         Headbutt          |     9 |    10 ||    19
  Throw: Boomerang         |     4 |       ||     4
 Invoke: Berserk           |     1 |     1 ||     2
 Armour: Ring mail         |    23 |    13 ||    36
         Animal skin       |     1 |       ||     1
         Plate armour      |       |    21 ||    21
  Dodge: Dodged            |    45 |    29 ||    74

Table legend: (Time is in decaauts)
 A = Elapsed time spent in this place.
 B = Non-inter-level travel time spent in this place.
 C = Inter-level travel time spent in this place.
 D = Time resting spent in this place.
 E = Time spent auto-exploring this place.
 F = Levels seen in this place.
 G = Mean time per level.
                   A        B        C        D        E       F      G
               +--------+--------+--------+--------+--------+-----+--------+
         Total |   2479 |   2400 |     79 |      0 |   1850 |   4 |  619.8 |
       Dungeon |   2479 |   2400 |     79 |      0 |   1850 |   4 |  619.8 |
               +--------+--------+--------+--------+--------+-----+--------+

Top non-repeatable levels by time:
     D:3: 875 daAuts
     D:1: 731 daAuts
     D:2: 491 daAuts
     D:4: 381 daAuts
